 Dungeon Crawl Stone Soup version 0.28-a0-1486-g8196b01e9b (webtiles) character file.

Game seed: 3671259971333329263

99 Essalna the Sneak (level 4, 0/30 HPs)
             Began as a Vampire Enchanter on Jan 12, 2022.
             Slain by an adder (4 damage)
             ... on level 2 of the Dungeon.
             The game lasted 00:05:14 (1423 turns).

Essalna the Sneak (Vampire Enchanter)               Turns: 1423, Time: 00:05:15

Health: 0/30       AC:  3    Str:  7    XL:     4   Next: 45%
Magic:  2/8        EV: 12    Int: 19    God:
Gold:   64         SH:  0    Dex: 14    Spells: 6/9 levels left

rFire   . . .      SeeInvis +   a - +1 dagger
rCold   . . .      Faith    .   (no shield)
rNeg    . . .      Spirit   .   b - +0 robe
rPois   .          Reflect  .   k - +0 helmet
rElec   .          Harm     .   (no cloak)
rCorr   .          Rampage  .   (no gloves)
Will    .....                   (no boots)
Stlth   +++.......              (no amulet)
HPRegen 0.30/turn               (no ring)
MPRegen 0.11/turn               (no ring)

@: healing quickly
A: alive, fangs 3, see invisible, vampiric 2
a: Exsanguinate


You were on level 2 of the Dungeon.
You visited 1 branch of the dungeon, and saw 2 of its levels.

You collected 64 gold pieces.

Inventory:

Hand Weapons
 a - a +1 dagger (weapon)
Missiles
 i - 3 boomerangs (quivered)
Armour
 b - a +0 robe (worn)
 k - a +0 helmet (worn)
Scrolls
 h - a scroll of holy word {unknown}
 j - a scroll of identify {unknown}
Potions
 c - a potion of invisibility
 d - a potion of mutation {unknown}
 e - a potion of might {unknown}
 f - a potion of heal wounds {unknown}
 g - a potion of flight {unknown}


   Skills:
 - Level 1.1 Short Blades
 - Level 2.2 Dodging
 + Level 5.9 Stealth
 + Level 3.0 Spellcasting
 + Level 5.7 Hexes


You had 6 spell levels left.
You knew the following spells:

 Your Spells              Type           Power      Damage    Failure   Level
a - Confusing Touch       Hex            24%        N/A       4%          3

Your spell library contained the following spells:

 Spells                   Type           Power      Damage    Failure   Level
 Tukima's Dance           Hex            24%        N/A       4%          3
 Ensorcelled Hibernation  Hex/Ice        26%        N/A       7%          2
 Dazzling Flash           Conj/Hex       26%        N/A       14%         3
 Passwall                 Tmut/Erth      1%         N/A       22%         2
 Swiftness                Air            2%         N/A       41%         3


Dungeon Overview and Level Annotations

Branches:
Dungeon (2/15)

Altars:


Innate Abilities, Weirdness & Mutations

Your natural rate of healing is accelerated.
You have razor-sharp teeth.
You have supernaturally acute eyesight. (SInv)
You are afflicted with vampirism and can become a bat while bloodless.


Message History

Natasha is moderately wounded.
Natasha claws you!
* * * LOW HITPOINT WARNING * * *
You closely miss Natasha.
Natasha is moderately wounded.
The crimson imp misses you.
Casting: Confusing Touch (dangerous; 4% risk of failure)
Confirm with . or Enter, or press ? or * to list all spells.
Your hands begin to glow red.
Natasha wildly gestures.
Natasha's front paws start to glow.
Natasha stares at you and mumbles some strange words.
The magic dart hits you.
* * * LOW HITPOINT WARNING * * *
The crimson imp barely misses you.
You hit Natasha but do no damage.
Natasha is moderately wounded.
Natasha claws you.
* * * LOW HITPOINT WARNING * * *
The crimson imp blinks!
You hit Natasha but do no damage.
Natasha appears confused.
Natasha is moderately wounded.
Natasha claws you but does no damage. The crimson imp misses you.
The crimson imp blinks!
You hit Natasha. You punch Natasha.
Natasha is severely wounded.
Natasha misses the crimson imp.
The crimson imp closely misses you. x2
You hit Natasha.
Natasha is almost dead.
The adder barely misses you.
Natasha closely misses the crimson imp.
Natasha claws herself but does no damage.
The crimson imp hits you but does no damage.
The crimson imp completely misses you.
You catch the helpless Natasha completely off-guard!
You puncture Natasha!
You kill Natasha!
Natasha growls in agony!
The crimson imp disappears in a puff of smoke! x2
The adder bites you.
You die...

#..##...# # . #.#
###.†####.# ##. .##..#
#....# #.# ##..#
#....###.##.####>#
.....##............##...
....#....####.##.#....
#.......# #.........
#..†§..# #..#..#...
#.§@...# #..##.....
##.S#..# #..###....
#.....####..# #.###
#.##)....#..# #.### #..
###..†...# #..).
#.#####...)..######.
....).........# #.
##.#####...#...# #.. #.
#.....#....#..


You could see an adder (confused).

Vanquished Creatures
  Terence (D:2)
  Natasha (D:2)
  Robin (D:2)
  3 adders (D:2)
  2 dart slugs (D:1)
  3 bats (D:2)
  A giant cockroach (D:1)
  7 goblins
  8 hobgoblins
  A quokka (D:1)
  2 ball pythons
  2 frilled lizards (D:2)
32 creatures vanquished.

Notes
Turn   | Place    | Note
-------+----------+-------------------------------------------
     0 | D:1      | Essalna the Vampire Enchanter began the quest for the Orb.
     0 | D:1      | Reached XP level 1. HP: 13/13 MP: 3/3
   643 | D:1      | Reached XP level 2. HP: 19/19 MP: 5/5
   747 | D:2      | Reached skill level 5 in Stealth
   803 | D:2      | Noticed Natasha
   819 | D:2      | Noticed a crimson imp
   839 | D:2      | Noticed Robin
   848 | D:1      | Reached skill level 5 in Hexes
   869 | D:1      | Gained mutation: You are afflicted with vampirism and can
                  | become a bat while bloodless. [Vampire growth]
   869 | D:1      | Reached XP level 3. HP: 13/24 MP: 6/6
   934 | D:1      | Learned a level 3 spell: Confusing Touch
  1062 | D:2      | Noticed Terence
  1083 | D:2      | Killed Terence
  1163 | D:2      | Reached XP level 4. HP: 25/30 MP: 5/8
  1396 | D:2      | Killed Robin
  1423 | D:2      | Killed Natasha
  1423 | D:2      | Slain by an adder

Illustrated notes

Levels and vault maps discovered:
D:1:      minmay_arrival_shattered_statue, layout_basic
D:2:      layout_rooms, uniq_natasha, uniq_terence, uniq_robin

Skill      XL: |  1  2  3  4 |
---------------+-------------+-----
Stealth        | 5 |  5.9
Hexes          | 5 |  5.7
Spellcasting   | 3 |  3.0
Short Blades   | |  1.1
Dodging        | |  2.2

Action                   |  1- 3 |  4- 6 || total
-------------------------+-------+-------++-------
Melee: Dagger            |    91 |    51 ||   142
       Bite              |    11 |     1 ||    12
       Punch             |     1 |     2 ||     3
 Cast: Confusing Touch   |     4 |     5 ||     9
 Stab: Sleeping          |     7 |       ||     7
       Confused          |     3 |     4 ||     7
Armor: Robe              |    13 |    17 ||    30
Dodge: Dodged            |    84 |    35 ||   119

Table legend: (Time is in decaauts)
 A = Elapsed time spent in this place.
 B = Non-inter-level travel time spent in this place.
 C = Inter-level travel time spent in this place.
 D = Time resting spent in this place.
 E = Time spent auto-exploring this place.
 F = Levels seen in this place.
 G = Mean time per level.
                   A        B        C        D        E       F      G
               +--------+--------+--------+--------+--------+-----+--------+
         Total |   1429 |   1309 |    120 |     96 |    849 |   2 |  714.5 |
       Dungeon |   1429 |   1309 |    120 |     96 |    849 |   2 |  714.5 |
               +--------+--------+--------+--------+--------+-----+--------+

Top non-repeatable levels by time:
     D:1: 969 daAuts
     D:2: 459 daAuts
